[Event "Titled Tuesday Blitz December 7 2021"]
[White "Kanyamarala, Tarun"]
[Black "Svicevic, Rastko"]
[WhiteFideId "45004714"]
[BlackFideId "916315"]
[WhiteElo "2077"]
[BlackElo "2098"]
[Result "0-1"]
[Round "11"]
[TimeControl "180+1"]
[Date "2021.12.07"]
[WhiteClock "0:00:05"]
[BlackClock "0:00:03"]

1. e4 c6 2. d4 d5 3. exd5 cxd5 4. Bd3 Nc6 5. c3 e6 6. Be3 Bd6 7. Ne2 Nge7 8. Nd2 O-O 9. Qc2 g6 10. h4 Nf5 11. Bxf5 exf5 12. h5 Qe7 13. O-O-O b5 14. Nf4 Be6 15. Rde1 g5 16. Nd3 f4 17. Bxf4 gxf4 18. h6 Qf6 19. Nf3 Bf5 20. Qd2 Be4 21. Nfe5 Bxd3 22. Nxd3 Rfe8 23. Reg1 b4 24. Rh5 bxc3 25. bxc3 Nxd4 26. cxd4 Qxd4 27. Nb2 Rac8+ 28. Kd1 Qb6 29. Rxd5 Bb4 30. Qxf4 Rcd8 31. Qg5+ Qg6 32. Qxg6+ hxg6 33. Rd3 Ba3 34. Rxd8 Rxd8+ 35. Kc2 Kh7 36. Nd3 Kxh6 37. Rb1 Rc8+ 38. Kd1 Kg5 39. Rb3 Bd6 40. g3 f5 41. f4+ Kg4 42. Nf2+ Kh5 43. Rd3 Bc5 44. Rc3 Rd8+ 45. Nd3 Bd4 46. Rb3 Kg4 47. Ke2 Kxg3 48. Ne5+ Kxf4 49. Nxg6+ Kg5 50. Ne7 Re8 51. Rb7 Bc5 52. Kf3 Rxe7 53. Rb5 Bb6 54. Rb3 Rc7 55. Rd3 Rc6 56. a4 Rc4 57. Ra3 Bc5 58. Ra2 a5 59. Ke2 Rd4 60. Ra1 Re4+ 61. Kd3 Rd4+ 62. Kc3 Re4 63. Rd1 Kf6 64. Rd8 Bb4+ 65. Kd3 Re6 66. Rh8 Rd6+ 67. Kc4 Rc6+ 68. Kb5 Rc5+ 69. Kb6 Rc3 70. Re8 Kg5 71. Rg8+ Kf4 72. Rg1 Kf3 73. Rf1+ Ke4 74. Re1+ Re3 75. Rxe3+ Kxe3 0-1


[Site "https://www.chess.com"]

[Event "Titled Tuesday Blitz December 7 2021"]
[White "Kepeshchuk, Mykhaylo"]
[Black "Batbold, Nyamsuren"]
[WhiteFideId "14113139"]
[BlackFideId "4903331"]
[WhiteElo "2279"]
[BlackElo "1816"]
[Result "1-0"]
[Round "11"]
[TimeControl "180+1"]
[Date "2021.12.07"]
[WhiteClock "0:00:04"]
[BlackClock "0:00:02"]

1. d4 d5 2. c4 c6 3. Nf3 Nf6 4. g3 Bg4 5. Bg2 e6 6. O-O Nbd7 7. Nc3 Be7 8. Qb3 Qb6 9. c5 Qxb3 10. axb3 O-O 11. b4 a6 12. Re1 h6 13. Nd2 Bf5 14. e4 dxe4 15. Ndxe4 Nd5 16. Nxd5 cxd5 17. Nc3 Bf6 18. Be3 Rfc8 19. b5 axb5 20. Nxb5 Be7 21. Bf4 Bd3 22. Nd6 Bxd6 23. Bxd6 Nf6 24. b4 Ne4 25. Bf4 Nc3 26. Be3 Nb5 27. f4 Kf8 28. Kf2 Na3 29. Red1 Bc4 30. Rdc1 Nb5 31. g4 Ke7 32. f5 Kd7 33. Kg3 g6 34. fxg6 fxg6 35. Ra5 Rxa5 36. bxa5 Ra8 37. Ra1 Bd3 38. h4 Kc6 39. Bf3 Bc4 40. Bd1 Nc3 41. Bf3 Be2 42. Bxh6 Bxf3 43. Kxf3 e5 44. dxe5 Kxc5 45. e6 Kd6 46. Re1 Ne4 47. h5 gxh5 48. gxh5 Rh8 49. Bf4+ Kxe6 50. h6 Kf5 51. Rb1 Ra8 52. Rb5 Nc3 53. Rc5 Na4 54. Rxd5+ Kg6 55. Rb5 Nc3 56. Rb6+ Kf5 57. h7 Nd5 58. Rb5 Ke6 59. Rxb7 Nf6 60. Bg5 Nd5 61. Rg7 Rf8+ 62. Kg4 Nf6+ 63. Bxf6 Kxf6 64. Rg8 Rf7 65. h8=Q+ 1-0


[Site "https://www.chess.com"]

[Event "Titled Tuesday Blitz December 7 2021"]
[White "Kislinsky, Alexey"]
[Black "Xiong, Jeffery"]
[WhiteFideId "14108801"]
[BlackFideId "2047640"]
[WhiteElo "2335"]
[BlackElo "2727"]
[Result "1/2-1/2"]
[Round "11"]
[TimeControl "180+1"]
[Date "2021.12.07"]
[WhiteClock "0:01:18"]
[BlackClock "0:01:41"]

1. e4 e5 2. Nc3 Nf6 3. d4 exd4 4. Qxd4 Nc6 5. Qd3 Bb4 6. Bd2 O-O 7. O-O-O Re8 8. Nge2 d5 9. Bg5 h6 10. Bxf6 Qxf6 11. Nxd5 Qxf2 12. Qf3 Qxf3 13. gxf3 Bd6 14. h4 Be6 15. Nec3 Rad8 16. Bb5 a6 17. Ba4 b5 18. Bb3 Na5 19. Kb1 1/2-1/2


[Site "https://www.chess.com"]

[Event "Titled Tuesday Blitz December 7 2021"]
[White "Koellner, Ruben Gideon"]
[Black "Rangel, Daniel"]
[WhiteFideId "12993093"]
[BlackFideId "2124475"]
[WhiteElo "2565"]
[BlackElo "2187"]
[Result "1-0"]
[Round "11"]
[TimeControl "180+1"]
[Date "2021.12.07"]
[WhiteClock "0:00:14"]
[BlackClock "0:00:03"]

1. d4 Nf6 2. Bg5 g6 3. Bxf6 exf6 4. g3 Bg7 5. Bg2 O-O 6. e3 d6 7. Ne2 c6 8. O-O h5 9. c4 h4 10. Nbc3 Re8 11. b4 Bg4 12. Qd3 Nd7 13. a4 Rc8 14. Rfb1 Nf8 15. b5 Ne6 16. a5 Ng5 17. Kh1 h3 18. Bf1 d5 19. c5 Bf5 20. Qd1 Bxb1 21. Qxb1 Rb8 22. b6 a6 23. Nf4 Qe7 24. Nxh3 Ne4 25. Nxe4 Qxe4+ 26. Qxe4 Rxe4 27. Bd3 Re7 28. Kg2 f5 29. Nf4 Bh6 30. Ne2 Rbe8 31. Rd1 Kg7 32. Nc3 Rd8 33. Na2 Bg5 34. Nb4 Ra8 35. h4 Bh6 36. Kf3 f6 37. Rh1 Rae8 38. h5 Bxe3 39. fxe3 Rxe3+ 40. Kf2 g5 41. h6+ Kh8 42. Bxf5 Re2+ 43. Kf3 R8e3+ 44. Kg4 Rg2 45. Bc8 Rgxg3+ 46. Kf5 Rgf3+ 47. Kg6 g4 48. Bxb7 g3 49. Bxc6 g2 50. Rg1 Rg3+ 51. Kf7 Rb3 52. Nxd5 f5 53. Nf6 f4 54. Rxg2 Rxg2 55. Bxg2 f3 56. Bxf3 Rxf3 57. c6 Rc3 58. c7 Rc6 59. Nd5 Rc2 60. Ne7 Rc6 61. Nxc6 Kh7 62. Ne5 1-0


[Site "https://www.chess.com"]

[Event "Titled Tuesday Blitz December 7 2021"]
[White "Koepke, Christian"]
[Black "Ronka, Erik"]
[WhiteFideId "4655737"]
[BlackFideId "505080"]
[WhiteElo "2180"]
[BlackElo "2264"]
[Result "1-0"]
[Round "11"]
[TimeControl "180+1"]
[Date "2021.12.07"]
[WhiteClock "0:00:07"]
[BlackClock "0:00:01"]

1. e4 c6 2. d4 d5 3. exd5 cxd5 4. Bd3 Nf6 5. c3 Nc6 6. Bf4 Bg4 7. Qb3 Qc8 8. Nd2 Bh5 9. Ngf3 Bg6 10. Bxg6 hxg6 11. O-O e6 12. h4 Qd7 13. g3 Rc8 14. Rfe1 Bd6 15. Ne5 Bxe5 16. dxe5 Ng8 17. Nf3 Nge7 18. Rad1 Na5 19. Qc2 b5 20. a3 Nc4 21. Bg5 O-O 22. Bxe7 Qxe7 23. Nd4 Rb8 24. Qe2 Rfc8 25. h5 gxh5 26. Qxh5 g6 27. Qe2 Kg7 28. Kg2 Qc5 29. Rh1 Rh8 30. Qf3 Nxe5 31. Qe3 Nd7 32. b4 Qb6 33. Qg5 Rxh1 34. Rxh1 Rh8 35. Rxh8 Kxh8 36. Qe7 Nb8 37. Qf8+ Kh7 38. Qxf7+ Kh6 39. Nxe6 Qd6 40. g4 g5 41. Qg7# 1-0


[Site "https://www.chess.com"]

[Event "Titled Tuesday Blitz December 7 2021"]
[White "Koridze, Lile"]
[Black "Alinasab, Mobina"]
[WhiteFideId "13612514"]
[BlackFideId "12528897"]
[WhiteElo "1978"]
[BlackElo "2061"]
[Result "0-1"]
[Round "11"]
[TimeControl "180+1"]
[Date "2021.12.07"]
[WhiteClock "0:01:24"]
[BlackClock "0:01:07"]

1. d4 d5 2. c4 e6 3. g3 Nf6 4. Bg2 dxc4 5. Nf3 c6 6. O-O b5 7. Ne5 Bb7 8. a4 a6 9. b3 cxb3 10. Qxb3 Qxd4 11. Bb2 Qb4 12. Qc2 Qc5 13. Qb3 Qb4 14. Qc2 Qc5 15. Qb3 Bd6 16. Rc1 Qb4 17. Qxb4 Bxb4 18. Nxc6 Nxc6 19. Bxc6+ Bxc6 20. Rxc6 Kd7 21. Rb6 Kc7 22. Bd4 Nd5 23. a5 Bxa5 0-1


[Site "https://www.chess.com"]

[Event "Titled Tuesday Blitz December 7 2021"]
[White "Koutlas, Nikolaos"]
[Black "Gabdushev, Ruslan"]
[WhiteFideId "25827138"]
[BlackFideId "4137833"]
[WhiteElo "1525"]
[BlackElo "2312"]
[Result "1-0"]
[Round "11"]
[TimeControl "180+1"]
[Date "2021.12.07"]
[WhiteClock "0:00:11"]
[BlackClock "0:00:10"]

1. Nf3 Nc6 2. e4 d6 3. Nc3 Nf6 4. d4 Bg4 5. Be2 e6 6. O-O Be7 7. Be3 d5 8. e5 Nd7 9. h3 Bf5 10. a4 Nb4 11. Rc1 O-O 12. Ne1 c5 13. Nd3 cxd4 14. Bxd4 Nc6 15. Nf4 Nxd4 16. Qxd4 Bc5 17. Qd2 Nxe5 18. Rcd1 Rc8 19. Nb5 a6 20. Nd4 Bg6 21. c3 Qf6 22. b3 Nc6 23. Nf3 Be4 24. Rfe1 h6 25. Bd3 Bxf3 26. gxf3 Ne5 27. Be2 Qh4 28. Kh1 Bxf2 29. Rg1 Bxg1 30. Rxg1 g5 31. Kh2 Ng6 32. Nxg6 fxg6 33. Rg4 Qf2+ 34. Rg2 Qc5 35. Qd3 Kg7 36. c4 d4 37. Bd1 Qe5+ 38. Kh1 Qe3 39. Qb1 d3 40. Qb2+ e5 41. Qa3 Rf7 42. Qd6 Rc6 43. Qd5 Qe1+ 44. Rg1 Qe3 45. Rg2 Rcf6 46. Kh2 h5 47. Rg1 h4 48. Rg2 Qf4+ 49. Kh1 Qf5 50. Kh2 Rd7 51. Qc5 d2 52. b4 Qf4+ 53. Kh1 Qe3 54. Qxe3 Rd4 55. Qxg5 Kf7 56. Qxe5 Rxc4 57. Qd5+ Kg7 58. Qxc4 Re6 59. Qe2 Rxe2 60. Rxe2 Kf6 61. Rxd2 Kf5 62. Rd4 g5 63. Rg4 Ke5 64. Kg2 Kf6 65. Kf2 Kf5 66. Ke3 Ke5 67. Rxg5+ Kd6 68. Rg4 Kd5 69. Kd3 Kc6 70. Bb3 Kd6 71. b5 a5 72. Kd4 b6 73. Rxh4 Kc7 74. Rh6 Kb7 75. Kd5 Kc7 76. Rh7+ Kb8 77. Kd6 Ka8 78. Bd5+ 1-0


[Site "https://www.chess.com"]

[Event "Titled Tuesday Blitz December 7 2021"]
[White "Krutko, Anatoly"]
[Black "Hakemi, Arman"]
[WhiteFideId "4185862"]
[BlackFideId "22520805"]
[WhiteElo "2378"]
[BlackElo "2208"]
[Result "0-1"]
[Round "11"]
[TimeControl "180+1"]
[Date "2021.12.07"]
[WhiteClock "0:02:17"]
[BlackClock "0:02:05"]

1. d4 Nf6 2. Nc3 d5 3. Bg5 Nbd7 4. e3 g6 5. f4 Bg7 6. Nf3 O-O 7. Bd3 c5 8. O-O c4 9. Be2 h6 10. Bh4 e6 11. Ne5 a6 12. g4 b5 13. Qe1 b4 14. Nd1 Qb6 15. Nf2 a5 16. Bg3 a4 17. h4 Nxe5 18. fxe5 Nd7 19. c3 a3 20. bxa3 Rxa3 21. cxb4 Rxe3 22. Bf4 Qxd4 23. Bxe3 Qxe3 0-1


[Site "https://www.chess.com"]

[Event "Titled Tuesday Blitz December 7 2021"]
[White "Licznerski, Lukasz"]
[Black "Begunov, Konstantin"]
[WhiteFideId "1179250"]
[BlackFideId "4118510"]
[WhiteElo "2403"]
[BlackElo "2262"]
[Result "1-0"]
[Round "11"]
[TimeControl "180+1"]
[Date "2021.12.07"]
[WhiteClock "0:00:31"]
[BlackClock "0:00:09"]

1. e4 c5 2. Nf3 d6 3. d4 cxd4 4. Nxd4 Nf6 5. Nc3 a6 6. Be2 e5 7. Nf3 h6 8. a4 b6 9. Bc4 Bb7 10. Qe2 Nbd7 11. O-O Nc5 12. Nd2 Be7 13. Rd1 O-O 14. f3 Qc7 15. Nf1 Rfc8 16. Ne3 Ne6 17. Ncd5 Nxd5 18. Bxd5 Nf4 19. Qf2 Nxd5 20. exd5 Bg5 21. c3 Qc5 22. h4 Bd8 23. Nf5 Qxf2+ 24. Kxf2 Bc7 25. Ne7+ Kf8 26. Nxc8 Bxc8 27. Be3 Bd7 28. c4 h5 29. a5 bxa5 30. Bd2 Rb8 31. Rdb1 a4 32. Bc3 g6 33. g3 Bb6+ 34. Kg2 Bc5 35. Re1 f5 36. f4 e4 37. Ra2 Ke7 38. Rea1 Kd8 39. Rxa4 Bxa4 40. Rxa4 Ra8 41. Ba5+ Kc8 42. b4 Bd4 43. Ra2 Kb7 44. Rc2 Rc8 45. Kf1 Bb6 46. Bxb6 Kxb6 47. Ke2 a5 48. bxa5+ Kxa5 49. Ke3 Kb4 50. Kd4 Kb3 51. Rc3+ Kb4 52. Rc1 Re8 53. Rb1+ Ka3 54. c5 dxc5+ 55. Kxc5 Ka2 56. Re1 Kb3 57. d6 Kc3 58. d7 Rd8 59. Kd6 Kd2 60. Ra1 e3 61. Ke7 Rxd7+ 62. Kxd7 e2 63. Ke6 e1=Q+ 64. Rxe1 Kxe1 65. Kf6 Kf2 66. Kxg6 Kxg3 67. Kg5 Kf3 68. Kxf5 Kg3 69. Kg5 Kf3 70. f5 1-0


[Site "https://www.chess.com"]

[Event "Titled Tuesday Blitz December 7 2021"]
[White "Malka, Samuel"]
[Black "Piesik, Piotr"]
[WhiteFideId "20643675"]
[BlackFideId "1136194"]
[WhiteElo "2466"]
[BlackElo "2336"]
[Result "1-0"]
[Round "11"]
[TimeControl "180+1"]
[Date "2021.12.07"]
[WhiteClock "0:00:38"]
[BlackClock "0:01:52"]

1. d4 c5 2. d5 e5 3. c4 d6 4. Nc3 Be7 5. g3 Bg5 6. e3 f5 7. Bh3 Ne7 8. f4 Bf6 9. fxe5 Bxe5 10. Nf3 Bf6 11. O-O O-O 12. Qd3 Nd7 13. Bd2 a6 14. e4 Ne5 15. Nxe5 Bxe5 16. exf5 Qe8 17. g4 Bd7 18. a4 b5 19. axb5 axb5 20. Rxa8 Qxa8 21. cxb5 Bd4+ 22. Be3 Bxe3+ 23. Qxe3 Nxd5 24. Qd3 Nxc3 25. bxc3 d5 26. Bg2 Kh8 27. Bxd5 Qa4 28. c4 Re8 29. Bf7 Re7 30. Qd6 1-0


[Site "https://www.chess.com"]

[Event "Titled Tuesday Blitz December 7 2021"]
[White "Manukian, Artak"]
[Black "Devaev, Alexander"]
[WhiteFideId "13301373"]
[BlackFideId "4169395"]
[WhiteElo "2402"]
[BlackElo "2185"]
[Result "1-0"]
[Round "11"]
[TimeControl "180+1"]
[Date "2021.12.07"]
[WhiteClock "0:00:24"]
[BlackClock "0:00:12"]

1. e4 c6 2. d4 d5 3. e5 Bf5 4. c4 e6 5. Nc3 Nd7 6. Nf3 Bb4 7. Qb3 Qa5 8. Bd2 Ne7 9. a3 Bxc3 10. Bxc3 Qb6 11. Qxb6 axb6 12. Nh4 Be4 13. f3 Bc2 14. Kd2 Bb3 15. cxd5 Nxd5 16. g3 O-O 17. Ng2 Rfd8 18. Ne3 c5 19. f4 cxd4 20. Bxd4 Nc5 21. Bxc5 bxc5 22. Nxd5 Bxd5 23. Rg1 b5 24. Kc1 b4 25. a4 c4 26. Bg2 Ra5 27. Bxd5 exd5 28. Rd1 Kf8 29. b3 c3 30. Kc2 Ke7 31. Rd4 Rb8 32. Rad1 Ke6 33. g4 g6 34. h3 Rc5 35. R4d3 Rd8 36. Rd4 Rb8 37. Re1 h6 38. h4 Rb6 39. Rd3 Rb7 40. Rf3 Rd7 41. f5+ gxf5 42. gxf5+ Ke7 43. e6 fxe6 44. Rxe6+ Kf7 45. Rxh6 d4 46. Rh7+ Ke8 47. Rxd7 Kxd7 48. f6 Ke8 49. f7+ Kf8 50. Rf1 Re5 51. Kd3 Rh5 52. Kxd4 Rxh4+ 53. Kc5 Rg4 54. a5 c2 55. a6 Rf4 56. Rc1 Rf2 57. a7 Rxf7 58. a8=Q+ Kg7 59. Qg2+ 1-0


[Site "https://www.chess.com"]

[Event "Titled Tuesday Blitz December 7 2021"]
[White "Matinian, Nikita"]
[Black "Vlassov, Nikolai"]
[WhiteFideId "24129100"]
[BlackFideId "4103360"]
[WhiteElo "2422"]
[BlackElo "2407"]
[Result "1-0"]
[Round "11"]
[TimeControl "180+1"]
[Date "2021.12.07"]
[WhiteClock "0:01:17"]
[BlackClock "0:00:02"]

1. e4 c5 2. Nc3 g6 3. f4 Bg7 4. Nf3 Nc6 5. Bc4 e6 6. d3 Nge7 7. O-O d5 8. Bb3 Rb8 9. Qe1 b5 10. exd5 exd5 11. Nxd5 O-O 12. Nxe7+ Qxe7 13. Qxe7 Nxe7 14. Be3 c4 15. dxc4 bxc4 16. Bxc4 Bxb2 17. Rab1 Bf5 18. Bb3 Bf6 19. Bxa7 Rbc8 20. Bd4 Kg7 21. Bxf6+ Kxf6 22. Nd4 Be4 23. Rbe1 Bb7 24. g4 Nd5 25. g5+ Kg7 26. Re5 Rfd8 27. f5 Rc7 28. f6+ Kf8 29. Rfe1 h6 30. gxh6 Nxf6 31. Nb5 Rcd7 32. h3 Kg8 33. Rf1 Nd5 34. c4 Nb4 35. c5 Kh7 36. Nd6 Nd3 37. Nxb7 Rxb7 38. Rd5 1-0


[Site "https://www.chess.com"]

[Event "Titled Tuesday Blitz December 7 2021"]
[White "Mickiewicz, Piotr"]
[Black "Terletsky, Oleg"]
[WhiteFideId "1114891"]
[BlackFideId "14116774"]
[WhiteElo "2266"]
[BlackElo "2055"]
[Result "1-0"]
[Round "11"]
[TimeControl "180+1"]
[Date "2021.12.07"]
[WhiteClock "0:00:20"]
[BlackClock "0:00:02"]

1. e4 e5 2. Nf3 Nc6 3. Bb5 a6 4. Ba4 Nf6 5. O-O Be7 6. Qe2 b5 7. Bb3 d6 8. c3 O-O 9. Rd1 Na5 10. Bc2 c5 11. d4 Qc7 12. d5 c4 13. b4 cxb3 14. axb3 Bd7 15. Be3 Rfc8 16. h3 Nb7 17. b4 a5 18. Bd3 axb4 19. Rxa8 Rxa8 20. cxb4 Ra4 21. Qb2 Ra8 22. Nc3 Nd8 23. Rc1 Qb7 24. Nd2 Nh5 25. Nb3 Nf4 26. Bf1 f5 27. Na5 Qb8 28. g3 Ng6 29. exf5 Bxf5 30. Nxb5 Be4 31. Qd2 Bf6 32. Nc7 Ra7 33. Bxa7 Qxa7 34. Nb5 Qb6 35. Nc6 Nf7 36. h4 h5 37. Nc3 Bf3 38. Be2 Bxe2 39. Qxe2 Nh6 40. Qxh5 Kh7 41. Ne4 Qb5 42. Ng5+ Kg8 43. Qxg6 Qe2 44. Qe8# 1-0


[Site "https://www.chess.com"]

[Event "Titled Tuesday Blitz December 7 2021"]
[White "Mihailidis, Anastasios"]
[Black "Yang, Kaiqi"]
[WhiteFideId "4205588"]
[BlackFideId "8604398"]
[WhiteElo "2312"]
[BlackElo "2373"]
[Result "0-1"]
[Round "11"]
[TimeControl "180+1"]
[Date "2021.12.07"]
[WhiteClock "0:00:25"]
[BlackClock "0:00:19"]

1. e4 c5 2. Nf3 Nf6 3. e5 Nd5 4. d4 cxd4 5. Qxd4 e6 6. c4 Nc6 7. Qd1 Nc7 8. Nc3 d6 9. exd6 Bxd6 10. Be3 O-O 11. Be2 e5 12. O-O Be6 13. Ng5 h6 14. Nxe6 Nxe6 15. Qd2 Bc5 16. Rfd1 Bxe3 17. Qxe3 Qg5 18. Qxg5 hxg5 19. Bf3 Ncd4 20. Ne2 Nxf3+ 21. gxf3 Rac8 22. Rac1 Rfd8 23. b3 f6 24. Kf1 Kf7 25. Ke1 Ke7 26. Rxd8 Rxd8 27. Rd1 Rh8 28. Ng3 Nd4 29. Rd3 Rxh2 30. Ne2 Ne6 31. Rd5 Rh1+ 32. Kd2 Ra1 33. Nc1 Nd4 34. Rxd4 exd4 35. Kc2 Kd6 36. Kb2 Rxc1 37. Kxc1 Ke5 38. Kd2 Kf4 39. b4 Kxf3 40. Ke1 Ke4 41. Ke2 f5 42. f3+ Ke5 43. Kd3 g4 44. fxg4 fxg4 45. Ke2 Ke4 46. a4 d3+ 47. Kf2 g3+ 48. Ke1 g2 49. Kf2 d2 50. Kxg2 d1=Q 0-1


[Site "https://www.chess.com"]

[Event "Titled Tuesday Blitz December 7 2021"]
[White "Mikhailovsky, Vladimir"]
[Black "Materia, Marco"]
[WhiteFideId "34105414"]
[BlackFideId "45150451"]
[WhiteElo "2409"]
[BlackElo "2622"]
[Result "1-0"]
[Round "11"]
[TimeControl "180+1"]
[Date "2021.12.07"]
[WhiteClock "0:00:11"]
[BlackClock "0:00:46"]

1. e4 c5 2. d4 cxd4 3. c3 dxc3 4. Nxc3 Nc6 5. Nf3 e6 6. Bc4 Nge7 7. Bg5 a6 8. O-O h6 9. Bh4 g5 10. Bg3 Ng6 11. e5 Bg7 12. Re1 O-O 13. Bd3 Nce7 14. h3 b5 15. Ne4 Nf5 16. Bh2 Bb7 17. Nc5 Bxf3 18. Qxf3 Nfh4 19. Qe4 Qe7 20. Rac1 Rfc8 21. b3 Ra7 22. b4 Rac7 23. a4 Rxc5 24. bxc5 Rxc5 25. axb5 axb5 26. Qd4 Rd5 27. Rc8+ Kh7 28. Qe3 Nf5 29. Bxf5 exf5 30. Qf3 Qe6 31. Re8 Qxe8 32. Qxd5 b4 33. Qb5 Qe7 34. Rd1 f4 35. Qxd7 Qxd7 36. Rxd7 Nxe5 37. Rb7 Nd3 38. Kf1 Bc3 39. f3 Kg6 40. Bg1 Kf5 41. Ke2 Ke6 42. Kxd3 f5 43. Bc5 h5 44. Bxb4 Bf6 45. Kc4 g4 46. Rb6+ Kf7 47. Kd5 Bg7 48. Bd2 gxf3 49. gxf3 Bf6 50. Bxf4 Bg7 51. Rb7+ Kg6 52. Rxg7+ Kxg7 53. Ke6 Kg6 54. h4 Kg7 55. Kxf5 Kf7 56. Kg5 1-0


[Site "https://www.chess.com"]

[Event "Titled Tuesday Blitz December 7 2021"]
[White "Mikhalsky, Vladimir"]
[Black "Stankovic, Ivan G"]
[WhiteFideId "14144352"]
[BlackFideId "902837"]
[WhiteElo "2248"]
[BlackElo "2195"]
[Result "0-1"]
[Round "11"]
[TimeControl "180+1"]
[Date "2021.12.07"]
[WhiteClock "0:00:05"]
[BlackClock "0:00:12"]

1. e4 c5 2. d4 cxd4 3. c3 d3 4. Bxd3 Nc6 5. c4 g6 6. Nc3 Bg7 7. Be3 Nf6 8. f3 d6 9. Nge2 O-O 10. b3 a5 11. O-O Nd7 12. Kh1 Nc5 13. Bc2 a4 14. Rb1 axb3 15. axb3 Nb4 16. Bd4 Bxd4 17. Nxd4 Bd7 18. Nd5 Nca6 19. Ra1 Bc6 20. f4 Bxd5 21. exd5 Nc5 22. Rf3 Qb6 23. f5 Rxa1 24. Qxa1 Nd7 25. fxg6 fxg6 26. Rxf8+ Nxf8 27. Bd1 Nd3 28. Be2 Nf2+ 29. Kg1 Ne4 30. Bf3 Nd2 31. Kh1 Nxf3 32. gxf3 Qb4 33. Qd1 Qc3 34. Kg2 Nd7 35. Ne2 Qb2 36. Kg3 Ne5 37. f4 Nf7 38. Nd4 Nh6 39. h3 Qxd4 40. Qxd4 Nf5+ 41. Kg4 Nxd4 42. Kg5 Nxb3 43. Kh6 Nd2 44. h4 Nxc4 45. h5 gxh5 46. Kxh5 Ne3 47. Kg5 Nxd5 48. f5 Kf7 0-1


[Site "https://www.chess.com"]

[Event "Titled Tuesday Blitz December 7 2021"]
[White "Mitusov, Semen"]
[Black "Dolzhykova, Kateryna"]
[WhiteFideId "14151049"]
[BlackFideId "14113414"]
[WhiteElo "2246"]
[BlackElo "2094"]
[Result "0-1"]
[Round "11"]
[TimeControl "180+1"]
[Date "2021.12.07"]
[WhiteClock "0:00:29"]
[BlackClock "0:00:55"]

1. e4 c5 2. c3 d5 3. exd5 Qxd5 4. d4 Nf6 5. Nf3 Bg4 6. Be2 e6 7. h3 Bh5 8. O-O Be7 9. Na3 O-O 10. Nb5 Na6 11. Be3 cxd4 12. Nbxd4 Rfd8 13. Qb3 Nc5 14. Qxd5 Nxd5 15. Bc1 Bf6 16. Re1 a6 17. Bg5 Bxg5 18. Nxg5 Bxe2 19. Rxe2 Nf4 20. Rc2 Rac8 21. Ngf3 Nd5 22. a3 b5 23. c4 bxc4 24. Rxc4 Nd3 25. Rxc8 Rxc8 26. b4 e5 27. Nb3 Rc3 28. Nfd2 f5 29. g3 e4 30. Nd4 g6 31. b5 axb5 32. Nxb5 Rc2 33. Rd1 e3 34. Nf1 e2 35. Rxd3 e1=Q 36. Rxd5 Qxf2+ 0-1


[Site "https://www.chess.com"]

[Event "Titled Tuesday Blitz December 7 2021"]
[White "Myshakov, Fyodor"]
[Black "Nenezic, Marko"]
[WhiteFideId "14111284"]
[BlackFideId "912123"]
[WhiteElo "2310"]
[BlackElo "2484"]
[Result "0-1"]
[Round "11"]
[TimeControl "180+1"]
[Date "2021.12.07"]
[WhiteClock "0:01:56"]
[BlackClock "0:01:52"]

1. c4 Nf6 2. Nc3 c5 3. Nf3 e6 4. g3 b6 5. Bg2 Bb7 6. O-O Be7 7. d4 cxd4 8. Qxd4 d6 9. b3 O-O 10. Bb2 a6 11. Rfd1 Nbd7 12. Rac1 Qc7 13. e4 Rac8 14. h4 Rfd8 15. a4 Qb8 16. b4 Qa8 17. Nd2 Ne5 18. b5 Nfg4 19. f3 d5 20. Nb3 dxc4 21. Qxb6 cxb3 22. Rxd8+ Bxd8 23. Qd4 Bf6 24. fxg4 Nf3+ 0-1


[Site "https://www.chess.com"]

[Event "Titled Tuesday Blitz December 7 2021"]
[White "Navalgund, Niranjan"]
[Black "Nozdrachev, Leonid"]
[WhiteFideId "5030854"]
[BlackFideId "24113433"]
[WhiteElo "2290"]
[BlackElo "2124"]
[Result "1/2-1/2"]
[Round "11"]
[TimeControl "180+1"]
[Date "2021.12.07"]
[WhiteClock "0:00:19"]
[BlackClock "0:00:04"]

1. d4 d6 2. Nf3 Nf6 3. g3 g6 4. Bg2 Bg7 5. O-O O-O 6. a4 Bf5 7. Nh4 Bc8 8. a5 Na6 9. Nc3 c5 10. dxc5 Nxc5 11. a6 Qb6 12. Ra2 Nxa6 13. Be3 Nc5 14. Na4 Qb5 15. Nc3 Qb6 16. Qb1 Ng4 17. Na4 Qb5 18. Bxc5 dxc5 19. h3 Nh6 20. Nc3 Bxc3 21. bxc3 Qxe2 22. Re1 Qc4 23. Rxe7 Qxc3 24. Qc1 Nf5 25. Nxf5 Bxf5 26. Bxb7 Rae8 27. Ra3 Qxa3 28. Qxa3 Rxe7 29. Bg2 Bxc2 30. Qxc5 Re1+ 31. Kh2 Re2 32. Qxa7 Be4 33. Qe7 f5 34. Qe6+ Kg7 35. Qe5+ Kg8 36. Kg1 Re1+ 37. Kh2 Re2 38. Kg1 Re1+ 39. Kh2 Re2 1/2-1/2


[Site "https://www.chess.com"]

[Event "Titled Tuesday Blitz December 7 2021"]
[White "Nazaretyan, Tigran"]
[Black "Rakhmanov, Aleksandr"]
[WhiteFideId "24162345"]
[BlackFideId "4173708"]
[WhiteElo "2192"]
[BlackElo "2500"]
[Result "1/2-1/2"]
[Round "11"]
[TimeControl "180+1"]
[Date "2021.12.07"]
[WhiteClock "0:00:11"]
[BlackClock "0:00:14"]

1. d4 Nf6 2. c4 d6 3. Nf3 g6 4. Nc3 Bf5 5. Ng5 Bg7 6. e4 Bg4 7. Be2 Bxe2 8. Qxe2 O-O 9. O-O Nc6 10. d5 Nd4 11. Qd3 c5 12. Nf3 Ng4 13. Ne2 Nxf3+ 14. Qxf3 Ne5 15. Qb3 b5 16. cxb5 a6 17. f4 c4 18. Qc2 Qb6+ 19. Kh1 Nd3 20. Ng1 axb5 21. Nf3 Rfc8 22. Qe2 Qb7 23. f5 Qd7 24. h3 b4 25. Ng5 Nxc1 26. Raxc1 Rxa2 27. fxg6 fxg6 28. Ne6 Rxb2 29. Qf3 Bf6 30. g4 Qe8 31. g5 Be5 32. Rxc4 Rb1 33. Rxb1 Rxc4 34. Rf1 Rc8 35. h4 Rb8 36. Nc7 Qf8 37. Qg2 Qxf1+ 38. Qxf1 b3 39. Na6 Ra8 40. Qb5 b2 41. Kg2 Rxa6 42. Qe8+ Kg7 43. Qxe7+ Kg8 44. Qd8+ Kf7 45. Qd7+ Kf8 46. Qd8+ Kf7 47. Qd7+ Kg8 48. Qe8+ Kg7 49. Qe7+ Kg8 50. Qe8+ Kg7 51. Qe7+ 1/2-1/2


[Site "https://www.chess.com"]

[Event "Titled Tuesday Blitz December 7 2021"]
[White "Nazari, Arad"]
[Black "Preotu, Razvan"]
[WhiteFideId "12577324"]
[BlackFideId "2613280"]
[WhiteElo "2119"]
[BlackElo "2407"]
[Result "1/2-1/2"]
[Round "11"]
[TimeControl "180+1"]
[Date "2021.12.07"]
[WhiteClock "0:00:45"]
[BlackClock "0:00:05"]

1. e4 c5 2. Nf3 d6 3. Bb5+ Nd7 4. d4 cxd4 5. Qxd4 a6 6. Bxd7+ Bxd7 7. O-O Nf6 8. c4 g6 9. e5 dxe5 10. Nxe5 Bf5 11. Qh4 h5 12. Nc3 Bg7 13. Rd1 Qc8 14. Bg5 O-O 15. Rac1 Nh7 16. Nd5 Kh8 17. Nxe7 Qe6 18. Nd7 Nxg5 19. Qxg5 Rfd8 20. Nxf5 Rxd7 21. Rxd7 Qxd7 22. Nxg7 Kxg7 23. Qe5+ Kg8 24. Re1 Rd8 25. h3 Qd2 26. Qe2 Qd4 27. b3 a5 28. Qf3 b6 29. Qe3 Qxe3 30. Rxe3 Rd1+ 31. Kh2 Rd2 32. a4 Rxf2 33. Rd3 Rb2 34. c5 bxc5 35. Rc3 h4 36. Rxc5 Rxb3 37. Rxa5 Kg7 38. Ra7 Ra3 39. a5 g5 40. a6 Ra1 41. g4 Ra2+ 42. Kg1 Kf6 43. Ra8 Ke5 44. Rb8 Rxa6 45. Rb2 Ke4 46. Kg2 Ra3 47. Rf2 Kd4 48. Rxf7 Ra2+ 49. Kg1 Ke3 50. Rf8 Ra1+ 51. Kg2 Ra2+ 52. Kg1 Ra1+ 53. Kg2 Ra2+ 54. Kg1 1/2-1/2


[Site "https://www.chess.com"]